 Dungeon Crawl Stone Soup version 0.27.1 (webtiles) character file.

Game seed: 1074702434858708764

121 zdrol the Covered (level 4, -2/41 HPs)
             Began as a Minotaur Fighter on Sept 5, 2021.
             Slain by an orc wizard (4 damage)
             ... on level 3 of the Dungeon.
             The game lasted 00:07:36 (2084 turns).

zdrol the Covered (Minotaur Fighter)                Turns: 2084, Time: 00:07:36

Health: -2/41      AC:  9    Str: 28    XL:     4   Next: 76%
Magic:  3/3        EV:  7    Int:  5    God:
Gold:   93         SH:  0    Dex: 11    Spells: 2/3 levels left

rFire    . . .     SeeInvis .   a - +0 long sword
rCold    . . .     Faith    .   c - +0 kite shield
rNeg     . . .     Spirit   .   q - +0 chain mail
rPois    .         Reflect  +   (helmet restricted)
rElec    .         Harm     .   (no cloak)
rCorr    .         Rampage  .   (no gloves)
Will     .....                  (no boots)
Stlth    ..........             k - amulet of reflection
HPRegen  0.13/turn              u - +6 ring of strength
MPRegen  0.08/turn              l - ring of wizardry

@: confused, flying
A: horns 2, retaliatory headbutt, agile 1
a: no special abilities


You were on level 3 of the Dungeon.
You visited 1 branch of the dungeon, and saw 3 of its levels.

You collected 93 gold pieces.

Inventory:

Hand Weapons
 a - a +0 long sword (weapon)
 v - a +0 short sword of speed
Armour
 c - a +0 kite shield (worn)
 q - a +0 chain mail (worn)
Jewellery
 g - a ring of ice
 j - a ring of magical power
 k - an amulet of reflection (around neck)
 l - a ring of wizardry (right hand)
 u - a +6 ring of strength (left hand)
Scrolls
 b - a scroll of enchant weapon {unknown}
 e - a scroll of acquirement {unknown}
 h - a scroll of immolation {unknown}
 i - 3 scrolls of identify {unknown}
 m - a scroll of torment {unknown}
 o - a scroll of teleportation {unknown}
 t - a scroll of silence {unknown}
Potions
 d - a potion of might
 f - a potion of heal wounds {unknown}
 n - a potion of cancellation {unknown}
 p - a potion of flight
 r - a potion of berserk rage {unknown}
 s - a potion of mutation


   Skills:
 + Level 4.5 Fighting
 + Level 3.4 Long Blades
 + Level 4.6 Armour
 + Level 1.2 Dodging
 + Level 4.4 Shields


You had 2 spell levels left.
You knew the following spells:

 Your Spells              Type           Power      Damage    Failure   Level
a - Foxfire               Conj/Fire      0%         2x1d4     98%         1

Your spell library contained the following spells:

 Spells                   Type           Power      Damage    Failure   Level
 Conjure Flame            Conj/Fire      0%         6-21      100%        3
 Inner Flame              Hex/Fire       0%         N/A       100%        3


Dungeon Overview and Level Annotations

Branches:
Dungeon (3/15)

Altars:


Innate Abilities, Weirdness & Mutations

You have a pair of horns on your head.
You reflexively headbutt those who attack you in melee.
You are agile. (Dex +2)


Message History

You block the orc priest's attack.
The orc priest invokes the aid of Beogh against you.
Beogh smites you!
You barely miss the orc priest.
The orc priest is almost dead.
The orc priest calls down the wrath of Beogh upon you.
Beogh smites you!
* * * LOW HITPOINT WARNING * * *
You barely miss the orc priest.
The orc priest is almost dead.
The orc priest looks satisfied for a moment.
The orc priest calls down the wrath of Beogh upon you.
Pain shoots through your body!
* * * LOW HITPOINT WARNING * * *
You closely miss the orc priest. Your headbutt misses the orc priest.
The orc priest is almost dead.
The orc priest hits you with a +0 dagger.
* * * LOW HITPOINT WARNING * * *
You hit the orc priest.
You kill the orc priest!
You start resting.
Something hits you but does no damage.
You miss something. Your headbutt misses something.
You hear some strange, mumbled words.
You are confused.
You bump into the rock wall.
You hear some strange, mumbled words.
You are more confused.
You bump into the rock wall.
You hear some strange, mumbled words.
You are more confused.
It was a potion of flight.
You feel very buoyant.
You fly up into the air.
Something hits you.
* * * LOW HITPOINT WARNING * * *
It was a potion of mutation.
You feel extremely strange.
You feel agile.
An orc wizard appears from thin air!
Reactivating autopickup.
The orc wizard hits you with a +0 dagger.
You die...

#...#...#.
#.........
###..##...#. #....#
..... ###.########
#..........#########
###.................
#o#.##############
#@#.# #.........#
###.#.# ##.##.######
#.....# #..........
#.....#######.#.####
###...........#.†...
##...........†.....
#..#.#.#.#####.####
#....#.#.......#
#.####.#########


You could see an orc wizard.

Vanquished Creatures
  An orc priest (D:3)
  3 adders
  3 worms
  A dart slug (D:1)
  4 orcs (D:3)
  6 bats
  5 endoplasms
  A giant cockroach (D:2)
  6 goblins
  3 hobgoblins
  2 jackals (D:1)
  A quokka (D:1)
  5 ball pythons
  2 frilled lizards (D:1)
  5 kobolds
  2 rats (D:1)
50 creatures vanquished.

Vanquished Creatures (others)
  An adder (D:3)
1 creature vanquished.

Grand Total: 51 creatures vanquished

Notes
Turn   | Place    | Note
-------+----------+-------------------------------------------
     0 | D:1      | zdrol the Minotaur Fighter began the quest for the Orb.
     0 | D:1      | Reached XP level 1. HP: 19/19 MP: 0/0
   103 | D:1      | Reached XP level 2. HP: 22/27 MP: 1/1
   337 | D:1      | You fall into a shaft and drop 1 floor!
   584 | D:1      | Reached XP level 3. HP: 33/33 MP: 2/2
   737 | D:2      | Learned a level 1 spell: Foxfire
   848 | D:2      | Reached skill level 1 in Dodging
  1623 | D:3      | Reached XP level 4. HP: 40/40 MP: 3/3
  1718 | D:3      | Found a faded altar of an unknown god.
  2083 | D:3      | HP: 2/41 [something (2)]
  2084 | D:3      | Gained mutation: You are agile. (Dex +2) [potion of
                  | mutation]
  2084 | D:3      | Slain by an orc wizard

Illustrated notes

Levels and vault maps discovered:
D:1:      dpeg_arrival_renting, layout_rooms
D:2:      layout_rooms
D:3:      layout_basic, lemuel_coloured_pillars_altar, basic_ecumenical_altar,
          lemuel_old_faithful

Skill      XL: |  1  2  3 |
---------------+----------+-----
Armour         | 4 |  4.6
Fighting       | 4 |  4.5
Long Blades    | 3 |  3.4
Shields        | 4 |  4.4
Dodging        | 1 |  1.2

Action                   |  1- 3 |  4- 6 || total
-------------------------+-------+-------++-------
Melee: Long sword        |    86 |    26 ||   112
       Headbutt          |    18 |     6 ||    24
  Use: Potion            |       |     2 ||     2
Armor: Scale mail        |    40 |       ||    40
       Chain mail        |     5 |    10 ||    15
Dodge: Dodged            |    24 |     9 ||    33
Block: Kite shield       |    88 |    17 ||   105
       Reflection        |     1 |       ||     1
       Rpst.: Long sword |     7 |     5 ||    12
